AoeStats
← ELWARD

Arena

509765334Analyzed
3v3 RM · 4d ago on Sep 27, 2026· 26m 49s· 6 players
Game mode
Random Map
Map size
Normal (6 player)
Population
200
Speed
Normal
Resources
Standard
Victory
Conquest
Starting age
Dark Age
Ending age
Imperial Age
RankedLock teamsTeams togetherTeam positionsShared explorationLock speedFull tech treeHidden civsTurbo modeCheats
Victory
Defeat
🇧🇷 Varangians · Brazil
1013
+19
🇧🇷 Gurjaras · Brazil
1007
+19
🇧🇷 Cumans · Brazil
982
+19
🇵🇪 Chinese · Peru
1092
-20
🇨🇱 Gurjaras · Chile
1067
-19
🇨🇱 Bohemians · Chile
1051
-18
ELWARD
0:36 Loom
12:06 Feudal Age
13:02 Horse Collar
13:25 Double-Bit Axe
16:28 Castle Age
17:21 Heavy Plow
17:35 Bow Saw
Mati
7:43 Loom
10:23 Feudal Age
14:02 Castle Age
14:21 Man-at-Arms
16:24 Scale Mail Armor
Sakkussu
10:57 Feudal Age
14:29 Castle Age
13:02 Double-Bit Axe
16:57 Scale Barding Armor
17:08 Bow Saw
21:58 Horse Collar
23:53 Fletching
26:53 Bodkin Arrow
gabriel.o2511
10:24 Feudal Age
13:59 Castle Age
14:53 Double-Bit Axe
16:28 Gold Mining
25:00 Horse Collar
vitor_age2
10:47 Feudal Age
14:57 Castle Age
14:50 Double-Bit Axe
15:36 Loom
16:42 Horse Collar
NannoD
9:47 Feudal Age
10:21 Loom
15:15 Man-at-Arms
Connection lost

Rejoining the realm…

Still unreachable

The connection could not be restored.

Session expired

The server has moved on; the page needs a fresh start.